 Dungeon Crawl Stone Soup version 0.31.0-32-g396128a36d (webtiles) character file.

Game seed: 843560303836809861

3767 GiantSquids the Grappler (level 10, -2/63 HPs)
             Began as an Octopode Shapeshifter on Apr 20, 2024.
             Was an Initiate of Makhleb.
             Slain by a yak (15 damage)
             ... on level 8 of the Dungeon on Apr 21, 2024.
             The game lasted 00:20:43 (5565 turns).

GiantSquids the Grappler (Octopode Shapeshifter)    Turns: 5565, Time: 00:20:44

Health: -2/63      AC:  1    Str: 18    XL:     10   Next: 16%
Magic:  10/10      EV: 14    Int: 13    God:    Makhleb [......]
Gold:   480        SH:  0    Dex: 14    Spells: 9/9 levels left

rFire   . .          .
                       - Unarmed
rCold   . . .        (no shield)
rNeg    + . .        (helmet currently unavailable)
rPois   .            x - amulet of regeneration
rElec   .            d - ring of positive energy
rCorr   .            G - ring "Talejon" {+Blink Will+ Dex+3}
SInv    .            (no ring)
Will    +....        (no ring)
Stlth   +++++        (no ring)
HPRegen 1.10/turn    (no ring)
MPRegen 0.12/turn    (no ring)
                     (no ring)

%: no passive effects
@: beast-form, studying Unarmed Combat
A: beast (slay +4), almost no armour, amphibious, 8 rings, camouflage 1,
gelatinous body 1, (nimble swimmer 1), tentacles
a: Begin Untransformation, Renounce Religion, Evoke Blink


You were on level 8 of the Dungeon.
You worshipped Makhleb.
Makhleb was noncommittal.
You were a hulking beast.
You visited 2 branches of the dungeon, and saw 9 of its levels.

You collected 480 gold pieces.

Inventory:

Hand Weapons
 y - a +2 dagger of venom
 B - the +4 trident of the Mashing Owl {freeze, rF+ Int+3}
   (You found it on level 3 of the Dungeon)

   Int+3:     It affects your intelligence (+3).
   rF+:       It protects you from fire.
Missiles
 p - 11 boomerangs (quivered)
 t - 5 javelins
Jewellery
 d - a ring of positive energy (left tentacle)
 x - an amulet of regeneration (around mantle)
 G - the ring "Talejon" (right tentacle) {+Blink Will+ Dex+3}
   (You found it on level 5 of the Dungeon)

   [ring of willpower]

   Dex+3:     It affects your dexterity (+3).
   Will+:     It increases your willpower.
   +Blink:    It lets you blink.
Talismans
 b - a beast talisman
 c - a flux talisman
Wands
 k - a wand of roots (35)
 s - a wand of flame (18)
 w - a wand of light (3)
 H - a wand of paralysis (9)
Scrolls
 f - a scroll of torment {unknown}
 g - 4 scrolls of poison {unknown}
 h - 2 scrolls of vulnerability {unknown}
 i - 2 scrolls of immolation {unknown}
 m - a scroll of revelation
 n - a scroll of fog
 q - a scroll of enchant armour
 z - a scroll of enchant weapon {unknown}
 C - a scroll of teleportation
 I - 2 scrolls of identify
 J - a scroll of brand weapon {unknown}
Potions
 a - a potion of lignification
 e - 2 potions of curing
 j - a potion of mutation
 l - a potion of brilliance
 r - 2 potions of enlightenment
 u - a potion of berserk rage {unknown}
 v - a potion of might {unknown}
 A - a potion of degeneration {unknown}
 D - a potion of haste {unknown}
 E - 5 potions of magic {unknown}


   Skills:
 + Level 4.0 Fighting
 + Level 4.4 Dodging
 - Level 7.5 Stealth
 * Level 11.0 Unarmed Combat
 * Level 8.6 Shapeshifting


You had 9 spell levels left.
You didn't know any spells.
Your spell library contained the following spells:

 Spells                   Type           Power      Damage    Failure   Level
 Ensorcelled Hibernation  Hex/Ice        0%         N/A       43%         2
 Fugue of the Fallen      Necr           0%         N/A       67%         3
 Inner Flame              Hex/Fire       0%         N/A       67%         3
 Summon Ice Beast         Ice/Summ       0%         N/A       67%         3
 Anguish                  Hex/Necr       0%         N/A       97%         4
 Irradiate                Conj/Alch      0%         3d11      100%        5
 Summon Mana Viper        Hex/Summ       0%         N/A       100%        5
 Monstrous Menagerie      Summ           0%         N/A       100%        7
 Ignition                 Fire           0%         3d3       100%        8


Dungeon Overview and Level Annotations

Branches:
Dungeon (8/15)             Temple (1/1) D:7
   Lair: D:8-11

Altars:
Ashenzari
Cheibriados
Dithmenos
Elyvilon
Fedhas
Gozag
Hepliaklqana
Kikubaaqudgha
Makhleb
Nemelex Xobeh
Okawaru
Qazlal
Ru
Sif Muna
Trog
Uskayaw
Vehumet
Wu Jian
Xom
Yredelemnul
Zin
The Shining One

Annotations:
D:7 3 runed translucent doors, gummybears's ghost, novice TrFi


Innate Abilities, Weirdness & Mutations

You are a hulking beast.
Your limbs bulge with bestial killing power. (Slay +4)
You cannot wear most types of armour.
You are amphibious.
You can wear up to eight rings at the same time.
Your skin changes colour to match your surroundings (Stealth+).
Your rubbery body absorbs attacks. (AC +1, EV +1)
((You are camouflaged when in or above water. (Stealth+)))
You have tentacles for arms and can constrict up to eight enemies at once.


Message History

You hear an angry buzzing noise. x2
Okay, then.
You feel much better. The wyvern closely misses you.
You bludgeon the wyvern!
The wyvern is heavily wounded.
The wyvern closely misses you.
You barely miss the wyvern. You tentacle-slap the wyvern.
The wyvern is heavily wounded.
The wyvern bites you!
You tentacle-slap the wyvern but do no damage.
Your squeeze misses the wyvern.
The wyvern is heavily wounded.
The wyvern closely misses you.
You closely miss the wyvern. You squeeze the wyvern.
The wyvern is severely wounded.
The wyvern completely misses you. The wyvern barely misses you.
You bludgeon the wyvern!
The wyvern is almost dead.
The wyvern closely misses you.
You tentacle-slap the wyvern.
You kill the wyvern!
Makhleb accepts your kill.
Your Fighting skill increases to level 4!
Your Unarmed Combat skill increases to level 11!
You bludgeon the centaur! You squeeze the centaur.
The centaur is severely wounded.
The centaur unwields a +0 shortbow.
The centaur closely misses you. The centaur kicks you.
You bludgeon the centaur!
You kill the centaur!
Makhleb accepts your kill.
You tentacle-slap the yak.
The yak is lightly wounded.
The yak gores you!
* * * LOW HITPOINT WARNING * * *
You batter the yak!!
The yak is heavily wounded.
The yak gores you!
You die...

#.##.####....# #.<#.#
#....############.# #..#.#
#.................# ...#.#
#.....####...###### .#.#.#
#.....#............ )..#.#
#.....###...####### ##.#.#
#..........)....... ##....
...#+######.########
##.######.#.....hYh)..##.###
. .. . ########Y####_._P_ ##
.# #Y...P..... ...
####..###P..⌠...# #....c...#
.P.. #.......Y###h##
#........ch...#
####..###Yh..$....
#....'.Y.......


You could see 2 yaks and a howler monkey.

Vanquished Creatures
  A two-headed ogre (D:8)
  2 wyverns (D:8)
  A steam dragon (D:6)
  4 water moccasins
  Duvessa (D:7)
  An ice beast (D:6)
  2 black bears (D:5)
  3 ogres
  3 centaurs
  2 phantoms
  Blork the orc (D:5)
  A kobold brigand (D:6)
  2 bullfrogs
  3 scorpions
  3 wights (D:7)
  Dowan (D:7)
  2 orc priests (D:3)
  2 bombardier beetles (D:5)
  4 hounds
  A jelly (D:4)
  A sleepcap (D:7)
  Jessica (D:2)
  An iguana (D:6)
  An orc wizard (D:8)
  8 gnolls
  10 adders
  2 white imps
  4 ufetubi
  4 dart slugs
  A ribbon worm (D:3)
  9 orcs
  11 ball pythons
  9 endoplasms
  4 giant cockroaches
  12 goblins
  10 hobgoblins
  5 jackals
  5 quokkas
  9 bats
  5 frilled lizards
  14 kobolds
  7 rats
173 creatures vanquished.

Notes
Turn   | Place    | Note
-------+----------+-------------------------------------------
     0 | D:1      | GiantSquids the Octopode Shapeshifter began the quest for
                  | the Orb.
     0 | D:1      | Reached XP level 1. HP: 13/13 MP: 1/1
   154 | D:1      | Reached skill level 1 in Stealth
   161 | D:1      | Reached XP level 2. HP: 18/18 MP: 2/2
   391 | D:1      | Reached XP level 3. HP: 23/23 MP: 3/3
   866 | D:2      | Reached skill level 4 in Unarmed Combat
   928 | D:2      | Reached XP level 4. HP: 25/28 MP: 4/4
  1464 | D:2      | Noticed Jessica
  1470 | D:2      | Killed Jessica
  1471 | D:2      | Reached XP level 5. HP: 28/33 MP: 5/5
  1749 | D:3      | Reached skill level 5 in Unarmed Combat
  2359 | D:3      | Reached XP level 6. HP: 24/38 MP: 6/6
  2412 | D:3      | Identified the +4 trident of the Mashing Owl {freeze, rF+
                  | Int+3}
  2683 | D:4      | Reached skill level 5 in Stealth
  2970 | D:4      | Reached XP level 7. HP: 34/43 MP: 7/7
  3349 | D:5      | Entered Level 5 of the Dungeon
  3350 | D:5      | Identified the ring "Talejon" {+Blink Will+ Dex+3}
  3408 | D:5      | Reached skill level 5 in Shapeshifting
  3466 | D:5      | Gained mutation: Your flesh is heat resistant. (rF+)
                  | [potion of mutation]
  3466 | D:5      | Gained mutation: You possess an exceptional clarity of
                  | mind. [potion of mutation]
  3466 | D:5      | Gained mutation: You are frail. (-10% HP) [potion of
                  | mutation]
  3476 | D:5      | Lost mutation: You possess an exceptional clarity of mind.
                  | [potion of mutation]
  3476 | D:5      | Lost mutation: Your flesh is heat resistant. (rF+) [potion
                  | of mutation]
  3476 | D:5      | Lost mutation: You are frail. (-10% HP) [potion of
                  | mutation]
  3513 | D:5      | Reached XP level 8. HP: 48/48 MP: 8/8
  3552 | D:5      | Identified a scroll of acquirement
  3553 | D:5      | Acquired a manual of Unarmed Combat
  3654 | D:5      | Found a sparkling altar of Nemelex Xobeh.
  3661 | D:5      | Reached skill level 6 in Unarmed Combat
  3816 | D:5      | Noticed Blork the orc
  3849 | D:5      | Killed Blork the orc
  3992 | D:5      | Reached skill level 7 in Unarmed Combat
  4218 | D:6      | Reached skill level 8 in Unarmed Combat
  4218 | D:6      | Reached XP level 9. HP: 45/54 MP: 9/9
  4327 | D:6      | Found a hide-covered altar of Uskayaw.
  4566 | D:7      | Reached skill level 9 in Unarmed Combat
  4591 | D:7      | Noticed Duvessa
  4611 | D:7      | Noticed Dowan
  4636 | D:7      | Killed Dowan
  4645 | D:7      | Killed Duvessa
  4784 | D:7      | Found a staircase to the Ecumenical Temple.
  4807 | Temple   | Entered the Ecumenical Temple
  4835 | Temple   | Became a worshipper of Makhleb the Destroyer
  5080 | D:7      | Found a runed translucent gate.
  5081 | D:7      | Found a runed translucent gate.
  5081 | D:7      | Found a runed translucent gate.
  5081 | D:7      | Noticed gummybears's ghost (novice TrFi)
  5146 | D:7      | Reached skill level 10 in Unarmed Combat
  5290 | D:7      | Found a shadowy altar of Dithmenos.
  5433 | D:8      | Noticed a two-headed ogre
  5449 | D:8      | Killed a two-headed ogre
  5450 | D:8      | Reached XP level 10. HP: 24/63 MP: 10/10
  5534 | D:8      | Found an ornate altar of the Wu Jian Council.
  5534 | D:8      | Found a bloodstained altar of Trog.
  5539 | D:8      | Found a radiant altar of Vehumet.
  5550 | D:8      | HP: 1/63 [centaur/arrow (4)]
  5561 | D:8      | Reached skill level 11 in Unarmed Combat
  5565 | D:8      | Slain by a yak

Illustrated notes

Levels and vault maps discovered:
D:1:      psy_arrival_conway, layout_loops_ring
D:2:      layout_basic, kennysheep_jessica_study
D:3:      layout_basic, serial_park_tiny_1, st_stairs_9
D:4:      layout_basic
D:5:      layout_basic, nemelex_xobeh_ov_fountains_minmay, uniq_blork_the_orc
D:6:      layout_rooms, nicolae_uskayaw_murder_on_the_dancefloor
D:7:      layout_loops_ring, nicolae_dithmenos_through_a_glass_darkly,
          minmay_temple_entry_slanted, gammafunk_ghost_nasty_kobolds,
          uniq_duvessa
D:8:      layout_basic, gammafunk_temple_overflow_forgotten,
          minmay_lair_entry_grove
Temple:   nicolae_temple_elliptical

Skill      XL: |  1  2  3  4  5  6  7  8  9 10 |
---------------+-------------------------------+-----
Stealth        | 1 2 3 4 5 7 |  7.5
Unarmed Combat | 4 5 8 10 11 | 11.0
Shapeshifting  | 4 5 7 8 |  8.6
Fighting       | 2 3 4 |  4.0
Dodging        | 4 |  4.4

Action                     |  1- 3 |  4- 6 |  7- 9 | 10-12 || total
---------------------------+-------+-------+-------+-------++-------
  Melee: Unarmed           |    63 |    79 |    17 |    22 ||   181
         Constrict         |    16 |    36 |    37 |     2 ||    91
         Tentacles         |     8 |    27 |    36 |     5 ||    76
         Punch             |     1 |     7 |    17 |     1 ||    26
         Dagger            |       |    58 |   132 |       ||   190
  Throw: Boomerang         |       |       |     6 |     1 ||     7
    Use: Potion            |       |       |     8 |     2 ||    10
         Scroll            |       |       |     7 |     1 ||     8
   Stab: Sleeping          |    12 |    10 |    10 |       ||    32
         Distracted        |       |     1 |       |       ||     1
 Armour: Skin              |    19 |    54 |    86 |    19 ||   178
  Dodge: Dodged            |    23 |    88 |    76 |    23 ||   210
